 Dungeon Crawl Stone Soup version 0.28.0 (webtiles) character file.

Game seed: 13892164240962703514

891 KamiKatze the Shield-Bearer (level 8, -3/42 HPs)
             Began as a Vine Stalker Fighter on Feb 6, 2022.
             Was a Believer of Uskayaw.
             Killed from afar by Dowan (5 damage)
             ... with a puff of flame
             ... on level 5 of the Dungeon.
             The game lasted 00:13:51 (4398 turns).

KamiKatze the Shield-Bearer (Vine Stalker Fighter)  Turns: 4398, Time: 00:13:52

Health: -3/42      AC:  6    Str: 21    XL:     8   Next: 6%
Magic:  0/9        EV:  9    Int:  8    God:    Uskayaw [**....]
Gold:   213        SH:  5    Dex: 14    Spells: 7/7 levels left

rFire   . . .      SeeInvis +   a - +0 rapier
rCold   . . .      Faith    .   c - +0 buckler
rNeg    . . .      Spirit   +   b - +0 scale mail
rPois   .          Reflect  .   (no helmet)
rElec   .          Harm     .   (no cloak)
rCorr   .          Rampage  .   (no gloves)
Will    +....                   (no boots)
Stlth   ..........              s - amulet of the acrobat
HPRegen 0.94/turn               o - ring of see invisible
MPRegen 0.11/turn               r - ring of flight

@: flying
A: fangs 3, regeneration 1, magic shield, antimagic bite, no potion heal 2
a: Renounce Religion, Stomp, Line Pass


You were on level 5 of the Dungeon.
You worshipped Uskayaw.
Uskayaw was noncommittal.
You visited 2 branches of the dungeon, and saw 6 of its levels.

You collected 265 gold pieces.
You spent 52 gold pieces at shops.

Inventory:

Hand Weapons
 a - a +0 rapier (weapon)
Missiles
 f - 101 stones (quivered)
 j - 9 poisoned darts
Armour
 b - a +0 scale mail (worn)
 c - a +0 buckler (worn)
Jewellery
 o - a ring of see invisible (left hand)
 r - a ring of flight (right hand)
 s - an amulet of the acrobat (around neck)
Wands
 e - a wand of polymorph (4)
Scrolls
 i - 2 scrolls of amnesia
 l - 2 scrolls of teleportation
 q - a scroll of identify
Potions
 d - a potion of might
 k - a potion of curing
 m - 3 potions of flight
 t - a potion of magic


   Skills:
 + Level 4.4 Fighting
 * Level 5.4 Short Blades
 - Level 2.4 Armour
 * Level 5.8 Shields


You had 7 spell levels left.
You didn't know any spells.
Your spell library contained the following spells:

 Spells                   Type           Power      Damage    Failure   Level
 Slow                     Hex            0%         N/A       83%         1
 Call Canine Familiar     Summ           0%         N/A       99%         3
 Confusing Touch          Hex            0%         N/A       99%         3
 Portal Projectile        Hex/Tloc       0%         N/A       99%         3
 Vampiric Draining        Necr           0%         2d6       99%         3
 Leda's Liquefaction      Hex/Erth       0%         N/A       100%        4


Dungeon Overview and Level Annotations

Branches:
Dungeon (5/15)             Temple (1/1) D:4

Altars:
Ashenzari
Cheibriados
Dithmenos
Elyvilon
Fedhas
Gozag
Hepliaklqana
Kikubaaqudgha
Makhleb
Nemelex Xobeh
Okawaru
Qazlal
Ru
Sif Muna
Trog
Uskayaw
Vehumet
Wu Jian
Xom
Yredelemnul
Zin
The Shining One

Shops:
D:1 [   D:2 =[!(?

Annotations:
D:3 2 transporters
D:5 Dowan


Innate Abilities, Weirdness & Mutations

You have razor-sharp teeth.
Your natural rate of healing is unusually fast.
When hurt, damage is shared between your health and your magic reserves.
Your bite disrupts and absorbs the magic of your enemies.
Potions cannot restore your health.


Message History

You hit Dowan but do no damage. You bite Dowan.
Dowan's magic leaks into the air.
You drain his magic.
Dowan is moderately wounded.
Dowan hits you with a +2 dagger of protection.
Dowan points at you and mumbles some strange words.
The shard of ice hits you!
You are too injured to fight recklessly!
You are too injured to fight recklessly!
You hit Dowan. Your bite misses Dowan.
Dowan is heavily wounded.
Dowan zaps a wand.
The puff of flame hits you!
* * * LOW HITPOINT WARNING * * *
You can now pass through a line of other dancers.
You closely miss Dowan. Your bite misses Dowan.
Dowan is heavily wounded.
Dowan hits you with a +2 dagger of protection.
* * * LOW HITPOINT WARNING * * *
Dowan hits you with a +2 dagger of protection.
* * * LOW HITPOINT WARNING * * *
You hit Dowan.
Dowan is severely wounded.
Dowan closely misses you.
You hit Dowan but do no damage. Your bite misses Dowan.
Dowan is severely wounded.
Dowan hits you with a +2 dagger of protection.
* * * LOW HITPOINT WARNING * * *
Dowan falters for a moment.
You hit Dowan but do no damage. Your bite misses Dowan.
Dowan is severely wounded.
Dowan barely misses you.
You hit Dowan but do no damage. You bite Dowan.
Dowan's magic leaks into the air.
You drain his magic.
You feel invigorated.
Dowan is almost dead.
Dowan falters for a moment.
Dowan zaps a wand.
The puff of flame hits you!
* * * LOW HITPOINT WARNING * * *
Unknown command.
You barely miss Dowan. You bite Dowan, but do no damage.
Dowan is almost dead.
Dowan zaps a wand.
The puff of flame hits you.
You die...

#.#*****,,,...,, #.# *,#*#.#**
#.# *.# #.# * #.# *###.###<###
##.##*...e......<
##...##..#.###.#.. ##)###.#..#,*
#.#.. #.># #....#,**#.##.
#.@###.##.#,,,.....
#e#.......###*#....
##############.#..............##
#............#...############,*
#.##########.##...#####******,**
#.# #...........,,,,,,,,* #.#
####...###..,,,,,,,,* #.#
##.##**,..###**,,* #.#
#.#*,,,....#**,,*


You could see Dowan (fast, magic disrupted).

Vanquished Creatures
  Duvessa (D:5)
  A necrophage (D:5)
  An ogre (D:4)
  A centaur (D:4)
  2 water moccasin zombies (D:5)
  A scorpion (D:4)
  3 hounds
  Ijyb (D:5)
  2 iguanas
  An orc wizard (D:4)
  A gnoll (D:1)
  6 adders
  A howler monkey skeleton (D:4)
  2 adder skeletons
  A worm (D:2)
  3 dart slugs
  7 orcs
  5 bats
  6 endoplasms
  3 giant cockroaches
  8 goblins
  7 hobgoblins
  4 jackals
  5 quokkas
  7 ball pythons
  4 frilled lizards
  5 kobolds
  6 rats
  A spectral kobold (D:2)
96 creatures vanquished.

Notes
Turn   | Place    | Note
-------+----------+-------------------------------------------
     0 | D:1      | KamiKatze the Vine Stalker Fighter began the quest for the
                  | Orb.
     0 | D:1      | Reached XP level 1. HP: 11/11 MP: 2/2
   223 | D:2      | Found Exiubrai's Weapon Boutique.
   235 | D:2      | Reached XP level 2. HP: 14/16 MP: 3/3
   576 | D:2      | Found Moliang's Jewellery Shop.
   674 | D:2      | Reached XP level 3. HP: 15/19 MP: 2/4
   760 | D:2      | Found Zumao's Antique Armour Boutique.
  1198 | D:2      | Found Rucsaed's Magic Scroll Emporium.
  1201 | D:2      | Gained mutation: Your natural rate of healing is unusually
                  | fast. [Vine Stalker growth]
  1201 | D:2      | Reached XP level 4. HP: 24/24 MP: 5/5
  1303 | D:1      | Found Qedog's Antique Armour Shop.
  1927 | D:2      | Bought a scroll of teleportation for 42 gold pieces
  2119 | D:2      | Found a faded altar of an unknown god.
  2173 | D:2      | Found Lusewouf's Distillery.
  2183 | D:2      | Bought a potion of degeneration for 10 gold pieces
  2218 | D:3      | Found a transporter.
  2234 | D:3      | Found a transporter.
  2315 | D:3      | Reached XP level 5. HP: 28/28 MP: 6/6
  2842 | D:4      | Found a staircase to the Ecumenical Temple.
  2855 | Temple   | Entered the Ecumenical Temple
  2970 | Temple   | Became a worshipper of Uskayaw the Reveller
  3237 | D:4      | Reached * piety under Uskayaw
  3239 | D:4      | Reached ** piety under Uskayaw
  3457 | D:4      | Found an opulent altar of Gozag.
  3576 | D:4      | Reached XP level 6. HP: 32/32 MP: 7/7
  3800 | D:4      | Reached *** piety under Uskayaw
  3867 | D:4      | Reached **** piety under Uskayaw
  3871 | D:4      | Reached skill level 5 in Shields
  3871 | D:4      | Reached XP level 7. HP: 7/37 MP: 2/8
  4105 | D:5      | Entered Level 5 of the Dungeon
  4201 | D:5      | Noticed Ijyb
  4219 | D:5      | Killed Ijyb
  4258 | D:5      | Reached skill level 5 in Short Blades
  4334 | D:5      | Noticed Duvessa
  4367 | D:5      | Killed Duvessa
  4368 | D:5      | Gained mutation: You have razor-sharp teeth. [Vine Stalker
                  | growth]
  4368 | D:5      | Reached XP level 8. HP: 35/42 MP: 7/9
  4381 | D:5      | Noticed Dowan
  4397 | D:5      | HP: 1/42 [Dowan/puff of flame (6)]
  4398 | D:5      | Killed from afar by Dowan

Illustrated notes

Levels and vault maps discovered:
D:1:      matt_arrival_grand_opening, layout_basic, serial_shops, shop,
          minmay_ruptured
D:2:      layout_loops_corners, serial_shops, shop, shop,
          nicolae_shop_hallway_stairs, nicolae_lakefront_shop,
          nicolae_shop_crystal, dreamdust_ecumenical_altar_drowned_temple,
          minmay_misc_feat_chi, guppyfry_early_lair_pool
D:3:      gammafunk_wand_slinger, layout_loops_ring
D:4:      layout_gridville, grunt_gozag_statues, minmay_temple_entry_glass,
          minmay_quantized
D:5:      layout_loops_ring, uniq_ijyb, uniq_menkaure, uniq_eustachio,
          uniq_duvessa, uniq_crazy_yiuf_cottage
Temple:   mainiacjoe_temple_hex_bubbles

Skill      XL: |  1  2  3  4  5  6  7 |
---------------+----------------------+-----
Short Blades   | 2 3 4 5 |  5.4
Shields        | 3 4 5 |  5.8
Fighting       | 3 4 |  4.4
Armour         | |  2.4

Action                   |  1- 3 |  4- 6 |  7- 9 || total
-------------------------+-------+-------+-------++-------
Melee: Rapier            |    79 |   190 |    98 ||   367
       Bite              |    15 |    49 |    23 ||    87
  Use: Scroll            |       |     4 |     7 ||    11
 Stab: Paralysed         |       |     1 |     1 ||     2
Armor: Scale mail        |    34 |    55 |     9 ||    98
       Skin              |       |       |    21 ||    21
Dodge: Dodged            |    28 |    78 |    29 ||   135
Block: Buckler           |    20 |    40 |    23 ||    83
